 Dungeon Crawl Stone Soup version 0.18.1-48-g4cf74bf (webtiles) character file.

842 Matyi1199 the Ducker (level 7, -1/60 HPs)
             Began as a White Draconian Fighter on June 24, 2016.
             Was a Believer of Makhleb.
             Slain by Vincendra's ghost (4 damage)
             ... on level 5 of the Dungeon.
             The game lasted 00:42:43 (4367 turns).

Matyi1199 the Ducker (White Draconian Fighter)      Turns: 4367, Time: 00:42:44

Health: -1/60      AC:  7    Str: 26    XL:     7   Next: 67%
Magic:  7/7        EV: 14    Int:  8    God:    Makhleb [**....]
Gold:   211        SH:  5    Dex: 10    Spells: 0 memorised, 6 levels left

rFire  + + .     SeeInvis .     w - +1 dagger (venom)
rCold  + + .     Gourm    .     (armour unavailable)
rNeg   . . .     Faith    .     e - +1 buckler (curse)
rPois  +         Spirit   .     (helmet restricted)
rElec  +         Dismiss  .     (no cloak)
rCorr  +         Reflect  .     (no gloves)
SustAt .         Harm     .     (no boots)
MR     .....                    (no amulet)
Stlth  +.........               t - +1 ring of protection
                                c - ring of protection from fire

@: mighty, resistant, not resistant to hostile enchantments, very unstealthy
A: breathe frost, unfitting armour, cold resistance 1, cold-blooded, AC +6
a: Breathe Frost, Minor Destruction, Renounce Religion


You were on level 5 of the Dungeon.
You worshipped Makhleb.
Makhleb was pleased with you.
You were not hungry.

You visited 2 branches of the dungeon, and saw 6 of its levels.

You collected 211 gold pieces.

Inventory:

Hand Weapons
 a - a +0 war axe
 h - a +0 dagger of venom
 o - a +0 dagger
 p - a +0 hunting sling
 w - a +1 dagger of venom (weapon)
Missiles
 s - 51 stones (quivered)
Armour
 b - a +0 shield
 e - a cursed +1 buckler (worn)
 g - a +0 helmet
 i - a +2 robe
 q - a +1 animal skin
 r - a +0 helmet
Jewellery
 c - a ring of protection from fire (left hand)
 t - a +1 ring of protection (right hand)
Wands
 m - a wand of lightning (0/15)
Potions
 k - a potion of curing
 u - a potion of brilliance {unknown}
Comestibles
 f - 3 beef jerkies
 j - 3 meat rations
 l - a royal jelly
 v - a bread ration


   Skills:
 + Level 4.8 Fighting
 + Level 1.2 Short Blades
 + Level 2.8 Axes
 + Level 6.3 Dodging
 + Level 1.3 Stealth
 + Level 4.8 Shields
 + Level 1.0 Evocations


You had 6 spell levels left.
You didn't know any spells.

Dungeon Overview and Level Annotations

Branches:
Dungeon (5/15)             Temple (1/1) D:5

Altars:
Cheibriados
Makhleb
Qazlal
Ru
Trog
Yredelemnul
The Shining One

Shops:
D:4 *!:[?

Annotations:
D:5 Vincendra's ghost, novice MiFi


Innate Abilities, Weirdness & Mutations

You can breathe waves of freezing cold.
You can buffet flying creatures when you breathe cold.
Your icy white scales are hard (AC +6).
Your body does not fit into most forms of armour.
Your flesh is cold resistant.
You are cold-blooded and may be slowed by cold attacks.


Message History

Vincendra's ghost wails, "There is no future for me!"
Vincendra's ghost hits you!
You miss Vincendra's ghost. You tail-slap Vincendra's ghost!
Vincendra's ghost is severely damaged.
You puncture Vincendra's ghost!
Vincendra's ghost is almost destroyed.
Vincendra's ghost hits you!
You hit Vincendra's ghost.
Vincendra's ghost is almost destroyed.
Vincendra's ghost hits you but does no damage.
You hit Vincendra's ghost.
Vincendra's ghost is almost destroyed.
Vincendra's ghost hits you!!
* * * LOW HITPOINT WARNING * * *
Vincendra's ghost misses you.
You have got your breath back.
Press: ? - help, Shift-Dir - straight line, f/p - Vincendra's ghost
Aim: Vincendra's ghost (almost destroyed)
You fail to use your ability.
Vincendra's ghost hits you.
You die...

##..+ #########...#
#...........#
#.#######..b# #.#
#.... #.#######....
#.........###
##################.###
#....@W...........>...
##.###################
#.# ###### #
#.###....# ######
#.....##.# #.....
#####.##.# #.####
#.##.#######.#..(
####.#.......#.##
#.#.#####.#...


You could see Vincendra's ghost.

Vanquished Creatures
  The ghost of tschems the Grave Robber, an amateur HuNe of Yredelemnul (D:4)
  An ice beast (D:5)
  An ogre (D:5)
  A giant frog (D:4)
  A howler monkey (D:4)
  A crimson imp (D:5)
  2 orc priests
  Jessica (D:2)
  An iguana (D:4)
  An orc wizard (D:5)
  A worker ant (D:4)
  A hound skeleton (D:5)
  A worker ant zombie (D:5)
  Robin (D:3)
  5 adders
  A shadow imp (D:5)
  2 oozes
  A worm (D:5)
  4 giant geckos
  7 orcs
  A ball python (D:4)
  4 bats
  4 giant cockroaches
  13 goblins
  8 hobgoblins
  2 jackals (D:4)
  8 kobolds
  A quokka (D:4)
  5 giant newts
  3 rats
84 creatures vanquished.

Notes
Turn   | Place    | Note
--------------------------------------------------------------
     0 | D:1      | Matyi1199 the Draconian Fighter began the quest for the Orb.
     0 | D:1      | Reached XP level 1. HP: 19/19 MP: 1/1
   426 | D:1      | Reached XP level 2. HP: 26/26 MP: 2/2
  1019 | D:2      | Reached skill level 3 in Dodging
  1065 | D:2      | Reached XP level 3. HP: 29/33 MP: 3/3
  1067 | D:2      | Found a burning altar of Makhleb.
  1067 | D:2      | Noticed an Executioner
  1071 | D:2      | Noticed a smoke demon
  1071 | D:2      | Noticed a hellwing
  1073 | D:2      | Became a worshipper of Makhleb the Destroyer
  1166 | D:2      | Noticed Jessica
  1463 | D:2      | Killed Jessica
  1463 | D:2      | Reached XP level 4. HP: 38/40 MP: 4/4
  1995 | D:3      | Reached skill level 4 in Dodging
  1995 | D:3      | Reached XP level 5. HP: 34/46 MP: 5/5
  2048 | D:3      | Reached * piety under Makhleb
  2067 | D:3      | Noticed Robin
  2092 | D:3      | Killed Robin
  2705 | D:4      | Found Opuwygo's Assorted Antiques.
  2712 | D:4      | Found Qoony's Book Boutique.
  2769 | D:4      | Found Malap's Distillery.
  2853 | D:4      | Reached XP level 6. HP: 31/52 MP: 6/6
  2869 | D:4      | Noticed tschems's ghost (amateur HuNe)
  2982 | D:4      | Found Susei's Magic Scroll Emporium.
  3226 | D:4      | Killed tschems's ghost
  3226 | D:4      | Reached skill level 1 in Short Blades
  3226 | D:4      | Reached skill level 5 in Dodging
  3226 | D:4      | Reached skill level 1 in Stealth
  3310 | D:4      | Found Hawn's Antique Armour Emporium.
  3390 | D:4      | Your scales start taking on an icy white colour.
  3390 | D:4      | Reached XP level 7. HP: 53/60 MP: 7/7
  3390 | D:4      | Gained mutation: Your flesh is cold resistant. [White Draconian growth]
  3409 | D:4      | Found a stormy altar of Qazlal.
  3641 | D:5      | Entered Level 5 of the Dungeon
  3724 | D:5      | Found a snail-covered altar of Cheibriados.
  3735 | D:5      | Reached ** piety under Makhleb
  4122 | D:5      | Reached skill level 6 in Dodging
  4143 | D:5      | Reached skill level 1 in Evocations
  4286 | D:5      | Found a staircase to the Ecumenical Temple.
  4297 | Temple   | Entered the Ecumenical Temple
  4305 | D:5      | Noticed Vincendra's ghost (novice MiFi)
  4355 | D:5      | HP: 1/60 [Vincendra's ghost (18)]
  4367 | D:5      | Slain by Vincendra's ghost

Skill      XL: |  1  2  3  4  5  6  7 |
---------------+----------------------+-----
Dodging        | 3 4 5 6 |  6.3
Fighting       | 4 |  4.8
Shields        | 4 |  4.8
Short Blades   | 1 |  1.2
Stealth        | 1 |  1.3
Evocations     | 1 |  1.0
Axes           | |  2.8

Action                   |  1- 3 |  4- 6 |  7- 9 || total
-------------------------+-------+-------+-------++-------
Melee: War axe           |    82 |    18 |       ||   100
       Tailslap          |     8 |    23 |    17 ||    48
       Dagger            |       |   173 |    85 ||   258
Invok: Minor Destruction |       |       |     2 ||     2
 Abil: Breathe Frost     |       |       |     6 ||     6
Evoke: Wand              |       |     5 |       ||     5
  Use: Potion            |     5 |     5 |     3 ||    13
       Scroll            |     1 |     5 |     3 ||     9
  Eat: Bread ration      |     1 |     1 |     1 ||     3
Armor: Skin              |    39 |    59 |    15 ||   113
Dodge: Dodged            |    70 |   127 |    36 ||   233
Block: Shield            |     5 |       |       ||     5
       Buckler           |    19 |    47 |    15 ||    81
